 Dungeon Crawl Stone Soup version 0.19-a0-1899-g2d93087 (console) character file.

374 Gottschkopf the Magician (level 6, 0/32 HPs)
             Began as a Deep Elf Conjurer on Oct 20, 2016.
             Slain by an orc priest
             ... wielding a +0 trident
              (6 damage)
             ... on level 4 of the Dungeon.
             The game lasted 00:08:46 (3506 turns).

Gottschkopf the Magician (Deep Elf Conjurer)        Turns: 3506, Time: 00:08:47

Health: 0/32       AC:  3    Str:  5    XL:     6   Next: 43%
Magic:  0/18       EV: 13    Int: 22    God:
Gold:   184        SH:  0    Dex: 15    Spells: 5 memorised, 3 levels left

rFire  + . .     SeeInvis .     a - +1 short sword (speed)
rCold  . . .     Gourm    .     h - +0 robe
rNeg   . . .     Faith    .     (no shield)
rPois  +         Spirit   .     (no helmet)
rElec  .         Reflect  .     l - +0 cloak
rCorr  .         Harm     .     (no gloves)
MR     .....                    (no boots)
Stlth  ++........               (no amulet)
                                y - ring of protection from fire
                                i - ring of poison resistance

@: no status effects
A: no striking features
a: no special abilities


You were on level 4 of the Dungeon.
You were hungry.

You visited 1 branch of the dungeon, and saw 4 of its levels.

You collected 184 gold pieces.

Inventory:

Hand Weapons
 a - a +1 short sword of speed (weapon)
 b - a +0 blowgun
Missiles
 v - 39 poisoned needles
Armour
 h - a +0 robe (worn)
 l - a +0 cloak (worn)
Jewellery
 i - a ring of poison resistance (left hand)
 x - an uncursed ring of positive energy
 y - a ring of protection from fire (right hand)
Scrolls
 e - a scroll of enchant armour {unknown}
 m - 2 scrolls of remove curse {unknown}
 n - a scroll of fog {unknown}
 p - 3 scrolls of identify {unknown}
 q - a scroll of recharging {unknown}
 z - a scroll of noise {unknown}
Potions
 f - 6 potions of flight {unknown}
 g - a potion of magic {unknown}
 j - 2 potions of heal wounds {unknown}
 k - a potion of haste {unknown}
 o - a potion of curing {unknown}
 w - a potion of cancellation {unknown}
Books
 u - a book of Conjurations

   Spells                             Type                      Level
   a - Magic Dart                     Conjuration                  1
   b - Searing Ray                    Conjuration                  2
   c - Dazzling Spray                 Conjuration/Hexes            3
   d - Fulminant Prism                Conjuration/Hexes            4
   e - Iskenderun's Mystic Blast      Conjuration                  4
   f - Iskenderun's Battlesphere      Conjuration/Charms           5
Comestibles
 c - 2 bread rations
 d - a slice of pizza
 s - 3 fruits
 t - a beef jerky


   Skills:
 - Level 2.4 Dodging
 - Level 2.4 Stealth
 - Level 7.3 Spellcasting
 + Level 5.3 Conjurations
 - Level 4.4 Charms


You had 3 spell levels left.
You knew the following spells:

 Your Spells              Type           Power        Failure   Level  Hunger
a - Magic Dart            Conj           ####         1%          1    None
b - Searing Ray           Conj           ####..       1%          2    None
c - Iskenderun's Mystic   Conj           ####....     12%         4    ###....
d - Fulminant Prism       Conj/Hex       ###.......   28%         4    ###....
e - Iskenderun's Battles  Conj/Chrm      ####....     34%         5    #####..


Dungeon Overview and Level Annotations

Branches:
Dungeon (4/15)
 Temple: D:4-7

Altars:
Elyvilon
Okawaru
Sif Muna

Annotations:
D:3 MrRokkomies's ghost, amateur HuWn


Message History

The orc priest is lightly wounded.
The orc priest mumbles some strange prayers to Beogh against you.
Beogh smites you!
* * * LOW HITPOINT WARNING * * *
Casting: Magic Dart
Confirm with . or Enter, or press ? or * to list all spells.
Aiming: Magic Dart
Press: ? - help, Shift-Dir - straight line, f/p - orc priest
Aim: an orc priest, wielding a trident (lightly wounded)
The magic dart hits the orc priest.
The orc priest is lightly wounded.
The orc priest misses you.
Things that are here:
a dagger; a robe; an orc corpse You closely miss the orc priest.
The orc priest is lightly wounded.
You hit the orc priest.
The orc priest is lightly wounded.
The orc priest hits you with a trident.
You die...

..................o..#
#......#........#
#...........#
#.<..##..#....##.#
#.... #......## #
#..## #.....#.#
#####.. #.....##.#
......#####....o####
..######.##.....@##
..## #.##......(#
...######...###..(.#
......#....## ###[...
####.....### ##.....
####### .......
....... .......
......†


You could see an orc priest.

Vanquished Creatures
  A bullfrog (D:3)
  An orc wizard (D:4)
  Natasha (twice) (D:3)
  2 worker ants (D:4)
  7 adders
  2 oozes
  3 worms
  A dart slug (D:1)
  A leopard gecko (D:3)
  8 orcs
  7 bats
  5 giant cockroaches
  8 goblins
  11 hobgoblins
  6 jackals (D:3)
  12 kobolds
  A quokka (D:3)
  A ball python (D:4)
  12 frilled lizards
  8 rats
99 creatures vanquished.

Notes
Turn   | Place    | Note
-------+----------+-------------------------------------------
     0 | D:1      | Gottschkopf the Deep Elf Conjurer began the quest for the Orb.
     0 | D:1      | Reached XP level 1. HP: 10/10 MP: 6/6
   181 | D:1      | Reached skill level 4 in Spellcasting
   181 | D:1      | Reached XP level 2. HP: 15/15 MP: 3/9
   185 | D:1      | Learned a level 2 spell: Searing Ray
   720 | D:2      | Reached XP level 3. HP: 19/19 MP: 3/11
   800 | D:2      | Reached skill level 5 in Spellcasting
  1023 | D:2      | Found a deep blue altar of Sif Muna.
  1268 | D:2      | Reached skill level 6 in Spellcasting
  1268 | D:2      | Reached XP level 4. HP: 24/24 MP: 9/14
  1274 | D:2      | Learned a level 4 spell: Iskenderun's Mystic Blast
  1279 | D:2      | Learned a level 4 spell: Fulminant Prism
  2053 | D:3      | Reached skill level 7 in Spellcasting
  2081 | D:3      | Found an iron altar of Okawaru.
  2090 | D:3      | Noticed Natasha
  2095 | D:3      | Killed Natasha
  2095 | D:3      | Reached XP level 5. HP: 21/28 MP: 9/16
  2105 | D:3      | Learned a level 5 spell: Iskenderun's Battlesphere
  2541 | D:3      | Found a white marble altar of Elyvilon.
  3004 | D:3      | Reached XP level 6. HP: 30/32 MP: 13/18
  3017 | D:3      | Noticed Natasha
  3019 | D:3      | Killed Natasha
  3128 | D:3      | Noticed MrRokkomies's ghost (amateur HuWn)
  3136 | D:3      | HP: 1/32 [MrRokkomies's ghost (17)]
  3477 | D:4      | Reached skill level 5 in Conjurations
  3506 | D:4      | Slain by an orc priest

Vault maps used:
D:1:      mushboom_english_gardens, minmay_crystal_room,
          grunt_decor_mini_mirrors
D:2:      lemuel_crystal_altar, first_bread
D:3:      elyvilon_altar_1, okawaru_metal_pillars_1_2, minmay_surrounded,
          uniq_natasha
D:4:      makhleb_blood_cavern_becter, lemuel_zombie_altar_kikubaaqudgha,
          nrook_mini_vaults, fedhas_altar_1, uniq_robin

Skill      XL: |  1  2  3  4  5  6 |
---------------+-------------------+-----
Spellcasting   | 4 6 7 |  7.3
Charms         | 4 |  4.4
Conjurations   | 5 |  5.3
Dodging        | |  2.4
Stealth        | |  2.4

Action                   |  1- 3 |  4- 6 || total
-------------------------+-------+-------++-------
Melee: Short sword       |       |     2 ||     2
 Cast: Magic Dart        |    85 |   106 ||   191
       Searing Ray       |     1 |     7 ||     8
  Eat: Chunk             |     1 |     6 ||     7
Armor: Robe              |     2 |     3 ||     5
Dodge: Dodged            |     9 |    11 ||    20
